 Dungeon Crawl Stone Soup version 0.27-a0-577-ge2a43ba0c9 (webtiles) character file.

Game seed: 9214449280542214717

263 littlecub the Digger (level 6, -1/35 HPs)
             Began as a Gargoyle Earth Elementalist on Mar 9, 2021.
             Slain by an ogre
             ... wielding a +0 giant club
              (22 damage)
             ... on level 4 of the Dungeon.
             The game lasted 00:05:41 (3846 turns).

littlecub the Digger (Gargoyle Earth Elementalist)  Turns: 3846, Time: 00:05:42

Health: -1/35      AC:  7    Str: 12    XL:     6   Next: 19%
Magic:  10/10      EV: 12    Int: 17    God:
Gold:   39         SH:  0    Dex: 10    Spells: 1/10 levels left

rFire    . . .     SeeInvis .   n - +1 long sword (holy)
rCold    . . .     Faith    .   (no shield)
rNeg     + . .     Spirit   .   c - +0 robe
rPois    ∞         Reflect  .   (no helmet)
rElec    +         Harm     .   d - +0 cloak
rCorr    .         Rampage  .   (no gloves)
Will     .....                  (no boots)
Stlth    ++........             (no amulet)
HPRegen  0.11/turn              (no ring)
MPRegen  0.12/turn              (no ring)

@: no status effects
A: negative energy resistance 1, electricity resistance, torment resistance 1,
unbreathing 1, petrification resistance, AC +4
a: no special abilities


You were on level 4 of the Dungeon.
You visited 1 branch of the dungeon, and saw 4 of its levels.

You collected 129 gold pieces.
You spent 90 gold pieces at shops.

Inventory:

Hand Weapons
 n - a +1 long sword of holy wrath (weapon)
Missiles
 a - 5 javelins
 b - 5 poisoned darts
Armour
 c - a +0 robe (worn)
 d - a +0 cloak (worn)
Scrolls
 f - 2 scrolls of blinking {unknown}
 i - 3 scrolls of identify {unknown}
 k - a scroll of teleportation {unknown}
 l - a scroll of fear {unknown}
 m - a scroll of immolation {unknown}
 q - a scroll of enchant weapon {unknown}
 s - a scroll of enchant armour {unknown}
Potions
 e - 2 potions of curing
 g - a potion of magic {unknown}
 h - a potion of heal wounds {unknown}
 j - a potion of flight {unknown}
 o - a potion of brilliance {unknown}
 p - a potion of attraction {unknown}
 r - a potion of resistance {unknown}


   Skills:
 + Level 2.1 Fighting
 + Level 2.0 Armour
 + Level 2.4 Dodging
 - Level 2.1 Stealth
 + Level 2.8 Spellcasting
 + Level 2.0 Conjurations
 - Level 0.7 Transmutations
 * Level 5.3 Earth Magic


You had one spell level left.
You knew the following spells:

 Your Spells              Type           Power      Damage    Failure   Level
a - Sandblast             Erth           40%        2d10      1%          1
b - Stone Arrow           Conj/Erth      28%        3d8       12%         3
c - Lee's Rapid Deconstr  Erth           10%        3d9*      47%         5

Your spell library contained the following spells:

 Spells                   Type           Power      Damage    Failure   Level
 Passwall                 Tmut/Erth      10%        N/A       8%          2
 Petrify                  Tmut/Erth      12%        N/A       45%         4


Dungeon Overview and Level Annotations

Branches:
Dungeon (4/15)
 Temple: D:4-7

Altars:
Zin


Innate Abilities, Weirdness & Mutations

Your stone body is resilient. (AC +4)
You are immune to poison.
You resist negative energy. (rN+)
You are resistant to electric shocks. (rElec)
You are resistant to unholy torment.
You can survive without breathing.
You are immune to petrification.


Message History

The hound bites you but does no damage.
You hit the hound.
The hound is lightly wounded.
The hound misses you. The hound closely misses you.
You riposte.
You miss the hound.
The hound is lightly wounded.
You closely miss the hound.
The hound is lightly wounded.
The hound bites you but does no damage. The hound barely misses you.
You riposte.
You hit the hound but do no damage.
The hound is lightly wounded.
You hit the hound.
The hound is heavily wounded.
The hound bites you but does no damage. The hound barely misses you.
You slash the hound!
You kill the hound!
Your Armour skill increases to level 2!
Your Conjurations skill increases to level 2!
No target in view!
HP restored.
There is an open door, spattered with blood here.
You see here a hound corpse.
There is an open door, spattered with blood here.
You see here a hound corpse.
Found a stone staircase leading down.
You open the door.
There is an open door here.
s - a scroll labelled UFYAWU SUUFIST An ogre comes into view.
It is wielding a +0 giant club.
The ogre shouts!
You hit the ogre but do no damage.
The ogre hits you with a +0 giant club!!
Ouch! That really hurt!
You are too injured to fight recklessly!
There is an open door here.
There is an open door here.
There is a stone staircase leading up here.
The ogre hits you with a +0 giant club!!
Ouch! That really hurt!
You die...

###..# #....#
#.... #....#
##..#+###....#
#............#
#.)..........#
#............#
####............#
#...............#
#@O....##..####.#
#......###.# #.#
######## #.## #.#
#..# #.# ##.# #.#
#.###.# #..##.#
##†##'## ###
#.......


You could see an ogre.

Vanquished Creatures
  An ogre (D:3)
  A hound (D:4)
  4 adders
  2 gnolls
  3 oozes (D:1)
  3 worms
  2 dart slugs
  3 leopard geckos
  An orc (D:3)
  4 bats
  2 giant cockroaches (D:3)
  8 goblins
  5 hobgoblins
  6 jackals (D:1)
  2 ball pythons (D:3)
  3 frilled lizards
  9 kobolds
  9 rats
68 creatures vanquished.

Notes
Turn   | Place    | Note
-------+----------+-------------------------------------------
     0 | D:1      | littlecub the Gargoyle Earth Elementalist began the quest
                  | for the Orb.
     0 | D:1      | Reached XP level 1. HP: 10/10 MP: 3/3
   347 | D:1      | Reached XP level 2. HP: 16/16 MP: 5/5
   432 | D:1      | Reached skill level 4 in Earth Magic
   592 | D:1      | Reached XP level 3. HP: 6/20 MP: 1/6
   596 | D:1      | Learned a level 3 spell: Stone Arrow
   845 | D:1      | Reached skill level 1 in Armour
  1601 | D:1      | Reached skill level 1 in Fighting
  1773 | D:2      | Reached XP level 4. HP: 25/25 MP: 5/7
  1908 | D:2      | Reached skill level 1 in Conjurations
  2144 | D:2      | Reached XP level 5. HP: 28/29 MP: 5/8
  3324 | D:3      | Learned a level 5 spell: Lee's Rapid Deconstruction
  3336 | D:3      | Found Zin's Purification Station.
  3339 | D:3      | Found a glowing silver altar of Zin.
  3386 | D:3      | Bought a potion of curing for 90 gold pieces
  3544 | D:3      | Noticed an ogre
  3555 | D:3      | Killed an ogre
  3556 | D:3      | Reached skill level 5 in Earth Magic
  3556 | D:3      | Reached XP level 6. HP: 23/35 MP: 4/10
  3846 | D:4      | Slain by an ogre

Illustrated notes

Levels and vault maps discovered:
D:1:      dpeg_arrival_court, layout_loops_ring, minmay_crystal_room
D:2:      layout_loops_cross, minmay_diced_spiral
D:3:      layout_loops_corners, zin_purify
D:4:      layout_basic, grunt_dithmenos_smoke_and_mirrors,
          nicolae_uskayaw_suspiria

Skill      XL: |  1  2  3  4  5  6 |
---------------+-------------------+-----
Earth Magic    | 4 5 |  5.3
Armour         | 1 2 |  2.0
Dodging        | 2 |  2.4
Fighting       | 1 2 |  2.1
Conjurations   | 1 2 |  2.0
Stealth        | |  2.1
Spellcasting   | |  2.8
Transmutations | |  0.7

Action                   |  1- 3 |  4- 6 || total
-------------------------+-------+-------++-------
Melee: Unarmed           |    11 |       ||    11
       Whip              |    40 |    38 ||    78
       Long sword        |       |    47 ||    47
Throw: Javelin           |     1 |       ||     1
 Cast: Sandblast         |    28 |    30 ||    58
 Stab: Sleeping          |     2 |     8 ||    10
Armor: Robe              |    22 |    43 ||    65
Dodge: Dodged            |    39 |    79 ||   118
       Rpst.: Long sword |       |    14 ||    14

Table legend: (Time is in decaauts)
 A = Elapsed time spent in this place.
 B = Non-inter-level travel time spent in this place.
 C = Inter-level travel time spent in this place.
 D = Time resting spent in this place.
 E = Time spent auto-exploring this place.
 F = Levels seen in this place.
 G = Mean time per level.
                   A        B        C        D        E       F      G
               +--------+--------+--------+--------+--------+-----+--------+
         Total |   3872 |   3778 |     94 |     57 |   3133 |   4 |  968.0 |
       Dungeon |   3872 |   3778 |     94 |     57 |   3133 |   4 |  968.0 |
               +--------+--------+--------+--------+--------+-----+--------+

Top non-repeatable levels by time:
     D:1: 1821 daAuts
     D:3: 1117 daAuts
     D:2: 815 daAuts
     D:4: 118 daAuts
